 Dungeon Crawl Stone Soup version 0.23.2 (webtiles) character file.

Game seed: 2324487112011397744

241 Leeroy the Ducker (level 6, -1/46 HPs)
             Began as a Barachi Skald on Apr 13, 2019.
             Was an Initiate of Sif Muna.
             Slain by an iguana (2 damage)
             ... on level 4 of the Dungeon.
             The game lasted 00:11:18 (2761 turns).

Leeroy the Ducker (Barachi Skald)                   Turns: 2761, Time: 00:11:19

Health: -1/46      AC: 11    Str: 13    XL:     6   Next: 8%
Magic:  9/9        EV:  4    Int: 14    God:    Sif Muna [......]
Gold:   211        SH:  0    Dex: 12    Spells: 4/9 levels left

rFire    . . .     SeeInvis .   a - +0 falchion
rCold    . . .     Gourm    .   (no shield)
rNeg     . . .     Faith    .   A - +0 plate armour
rPois    .         Spirit   .   (no helmet)
rElec    .         Reflect  .   (no cloak)
rCorr    .         Harm     .   j - +0 pair of gloves
MR       .....                  (no boots)
Stlth    ..........             (no amulet)
HPRegen  0.15/turn              (no ring)
MPRegen  0.11/turn              (no ring)

@: slow
A: +LOS, swims, slowness 1, strong legs 1
a: Hop, Renounce Religion


You were on level 4 of the Dungeon.
You worshipped Sif Muna.
Sif Muna was noncommittal.
You were not hungry.

You visited 1 branch of the dungeon, and saw 4 of its levels.

You collected 211 gold pieces.

Inventory:

Hand Weapons
 a - a +0 falchion (weapon)
 c - a +0 spear
 i - a +2 hunting sling of freezing
 n - a cursed -3 dagger
 q - a +0 falchion
 u - a +2 dagger of venom
 x - a +0 dagger of venom
 B - a +1 dagger of venom
Missiles
 f - 151 stones (quivered)
 p - 27 arrows
 v - 18 poisoned needles
 w - 17 sling bullets
 C - 18 bolts
Armour
 b - a +0 leather armour
 j - a +0 pair of gloves (worn)
 s - a +0 ring mail
 A - a +0 plate armour (worn)
Jewellery
 y - an uncursed amulet of rage {unknown}
Scrolls
 e - a scroll of amnesia
 g - 2 scrolls of teleportation
 l - 2 scrolls of remove curse
 m - a scroll of random uselessness {unknown}
 o - 2 scrolls of identify {unknown}
 z - a scroll of immolation {unknown}
Potions
 h - 3 potions of degeneration
 k - 4 potions of curing
 r - 3 potions of brilliance {unknown}
 t - a potion of flight {unknown}
Comestibles
 d - 4 rations


   Skills:
 - Level 2.4 Fighting
 - Level 4.3 Long Blades
 - Level 1.2 Armour
 + Level 4.9 Dodging
 - Level 2.2 Spellcasting
 - Level 4.5 Charms


You had 4 spell levels left.
You knew the following spells:

 Your Spells              Type           Power        Failure   Level  Hunger
a - Infusion              Chrm           ##..         99%         1    #......
b - Song of Slaying       Chrm           ##......     100%        2    ###....
c - Shroud of Golubria    Chrm/Tloc      #.........   100%        2    ###....

Your spell library contained the following spells:

 Spells                   Type           Power        Failure   Level  Hunger
 Regeneration             Chrm/Necr      #.........   100%        3    ###....
 Spectral Weapon          Hex/Chrm       #.......     100%        3    ###....


Dungeon Overview and Level Annotations

Branches:
Dungeon (4/15)
 Temple: D:4-7

Altars:
Sif Muna
Trog


Innate Abilities, Weirdness & Mutations

Shadows flee at your approach. (+LOS)
You can swim through water.
You cover ground slowly.
You can hop short distances.


Message History

The iguana barely misses you.
You riposte.
You closely miss the iguana.
The iguana is almost dead.
You closely miss the iguana.
The iguana is almost dead.
The iguana bites you but does no damage.
You hit the iguana.
The iguana is almost dead.
The iguana bites you!
* * * LOW HITPOINT WARNING * * *
You hit the iguana but do no damage.
The iguana is almost dead.
The iguana bites you but does no damage.
You closely miss the iguana.
The iguana is almost dead.
The iguana bites you.
* * * LOW HITPOINT WARNING * * *
Your plate armour prevents you from hitting the iguana.
The iguana is almost dead.
The iguana bites you.
You die...

## #..### ##
#.l@### .#
#.##..## .# #
##..# .# ##.##
.# #..# ##.#
#..########..#
##...........##
#............#
###.........##


You could see an iguana.

Vanquished Creatures
  An orc wizard (D:3)
  Jessica (D:3)
  9 adders
  3 worms
  6 dart slugs
  2 leopard geckos (D:3)
  3 orcs (D:3)
  3 ball pythons
  5 giant cockroaches
  12 goblins
  5 hobgoblins
  7 bats
  5 frilled lizards
  15 kobolds
  7 rats
84 creatures vanquished.

Notes
Turn   | Place    | Note
-------+----------+-------------------------------------------
     0 | D:1      | Leeroy the Barachi Skald began the quest for the Orb.
     0 | D:1      | Reached XP level 1. HP: 17/17 MP: 3/3
   176 | D:1      | Reached XP level 2. HP: 23/23 MP: 5/5
   362 | D:1      | Learned a level 2 spell: Song of Slaying
   365 | D:1      | Learned a level 2 spell: Shroud of Golubria
   536 | D:1      | Reached XP level 3. HP: 28/28 MP: 0/6
  1288 | D:2      | Reached XP level 4. HP: 29/34 MP: 7/7
  1560 | D:2      | Found a bloodstained altar of Trog.
  1745 | D:3      | Reached XP level 5. HP: 14/39 MP: 1/8
  2433 | D:3      | Noticed Jessica
  2451 | D:3      | Killed Jessica
  2473 | D:3      | Found a deep blue altar of Sif Muna.
  2637 | D:3      | Became a worshipper of Sif Muna the Loreminder
  2697 | D:4      | Reached XP level 6. HP: 28/46 MP: 9/9
  2760 | D:4      | HP: 1/46 [iguana (5)]
  2761 | D:4      | Slain by an iguana

Skill      XL: |  1  2  3  4  5 |
---------------+----------------+-----
Long Blades    | 3 4 |  4.3
Charms         | 4 |  4.5
Dodging        | 3 4 |  4.9
Fighting       | |  2.4
Armour         | |  1.2
Spellcasting   | |  2.2

Action                   |  1- 3 |  4- 6 || total
-------------------------+-------+-------++-------
Melee: Falchion          |    63 |   225 ||   288
 Fire: Hunting sling     |    18 |     4 ||    22
 Cast: Infusion          |     4 |     2 ||     6
       Song of Slaying   |       |     2 ||     2
  Use: Potion            |       |     3 ||     3
       Scroll            |       |     3 ||     3
 Stab: Sleeping          |     1 |       ||     1
  Eat: Chunk             |     2 |     6 ||     8
Armor: Leather armour    |    21 |    48 ||    69
       Plate armour      |       |   134 ||   134
Dodge: Dodged            |    63 |   131 ||   194
       Rpst.: Falchion   |    22 |    46 ||    68
